Map: Ruins of Seras

Players

Graboid - Winner!

  • Race: Terran Terran
  • League: Grandmaster

Javert

  • Race: Zerg Zerg
  • League: Grandmaster

VOD

Have the link to the VOD?

Description

Time

  • Played on: June 21, 2015, 11:01 p.m.
  • Length: 13:36
Show
View Real Time Build Order
Export as new Build Order

Graboid Terran - Winner!

Build Orders: Reaper Expand, Hellion Banshee 

Get SALT Encoding   

  12  0:01  SCV  
  13  0:13  Supply Depot  
  13  0:19  SCV  
  14  0:31  SCV  
  15  0:36  Barracks  
  15  0:42  Refinery  
  15  0:46  SCV  
  16  0:58  SCV  
  17  1:10  SCV  
  19  1:25  SCV  
  19  1:36  Command Center  
  19  1:39  Reaper  
  20  1:51  Orbital Command  
  20  2:00  Supply Depot  
  20  2:12  Barracks Reactor  
  20  2:19  SCV  
  21  2:23  Factory  
  21  2:31  SCV  
  22  2:54  SCV  
  22  2:55  Marine x2  
  22  2:57  Orbital Command  
  25  3:05  Command Center  
  25  3:13  Starport  
  25  3:23  Hellion x2  
  25  3:24  SCV  
  30  3:29  SCV  
  30  3:33  Refinery  
  31  3:35  Barracks Tech Lab  
  31  3:38  SCV  
  31  3:55  Hellion x2  
  23  4:10  SCV x2, Starport Tech Lab  
  23  4:16  Hellion x2  
  27  4:24  Orbital Command  
  27  4:25  SCV x2  
  27  4:29  Marauder  
  31  4:32  Banshee  
  34  4:39  SCV x2  
  34  4:45  Hellion x2  
  40  4:51  SCV x3  
  43  4:59  Engineering Bay  
  43  5:02  Marauder  
  43  5:04  SCV x2  
  43  5:06  SCV  
  48  5:12  Hellion x2  
  51  5:19  Supply Depot  
  51  5:20  Banshee  
  54  5:24  Refinery  
  54  5:25  SCV  
  55  5:29  SCV x2  
  57  5:38  Supply Depot  
  57  5:40  Supply Depot  
  57  5:41  Supply Depot  
  57  5:43  SCV x2  
  59  5:50  Hellion x2  
  57  5:58  SCV x2  
  59  6:12  SCV x2  
  59  6:18  Hellion x2  
  65  6:19  Banshee  
  65  6:20  Cloaking Field  
  68  6:33  Barracks  
  68  6:34  Barracks  
  68  6:35  SCV x2, Barracks  
  68  6:36  Barracks  
  70  6:51  Hellion x2  
  70  6:54  Marauder  
  70  7:03  SCV  
  63  7:15  Marine  
  50  7:24  Marine x4  
  50  7:25  Viking  
  50  7:27  Widow Mine x2  
  54  7:30  Missile Turret  
  54  7:31  Missile Turret  
  54  7:32  Orbital Command, Marine  
  54  7:36  Missile Turret  
  52  7:41  SCV  
  52  7:42  Missile Turret  
  53  7:45  Missile Turret  
  53  7:50  Missile Turret  
  52  7:56  Missile Turret  
  46  8:03  Marine  
  46  8:04  Marine x2  
  49  8:07  Marine x2  
  49  8:08  Viking  
  53  8:18  SCV x2  
  55  8:20  Widow Mine x2  
  55  8:22  Marine x2  
  55  8:24  Marine  
  55  8:25  Marine  
  63  8:29  Missile Turret  
  63  8:42  Marine x3  
  63  8:44  Marine x2  
  52  8:59  Marine x2  
  52  9:00  Marine  
  52  9:02  Marine x2  
  55  9:03  SCV  
  55  9:04  SCV  
  57  9:15  Missile Turret  
  57  9:16  Missile Turret  
  57  9:18  Refinery  
  57  9:19  Missile Turret  
  57  9:22  Barracks Reactor, Barracks Tech Lab  
  57  9:23  Barracks Reactor x3  
  57  9:26  Terran Infantry Weapons Level 1  
  57  9:30  Widow Mine x2, Medivac  
  63  9:31  Starport  
  63  9:36  Engineering Bay  
  63  9:40  Armory  
  63  9:42  Stimpack, Orbital Command  
  63  9:43  SCV x2  
  65  9:59  SCV x2  
  67  10:02  Missile Turret  
  67  10:03  Missile Turret  
  67  10:04  Marauder, Marine x5  
  67  10:05  Marine x2  
  67  10:06  Hellion x2  
  67  10:07  Medivac  
  82  10:08  Starport Reactor  
  82  10:16  Missile Turret  
  82  10:18  Supply Depot  
  82  10:19  SCV x3  
  85  10:21  Missile Turret  
  85  10:25  Marauder, Marine x4  
  85  10:26  Marine x2  
  93  10:29  Supply Depot  
  93  10:31  Marine  
  93  10:32  Supply Depot  
  93  10:40  SCV x2, Hellion x2, Medivac  
  101  10:44  Terran Infantry Armor Level 1  
  101  10:45  Terran Vehicle Weapons Level 1  
  101  10:52  SCV x2  
  101  10:53  SCV  
  101  10:55  Command Center  
  104  11:03  Barracks  
  104  11:05  Medivac x2  
  104  11:06  Barracks Tech Lab  
  107  11:32  Marine x5  
  110  11:36  SCV x2  
  110  11:37  SCV  
  113  11:40  Marine x2  
  110  11:48  SCV  
  110  11:49  SCV x2  
  113  11:57  Marauder, Marine x2  
  113  12:00  Factory Reactor  
  117  12:07  Marauder, Supply Depot, Medivac x3, Marine  
  126  12:09  Missile Turret  
  126  12:11  Supply Depot, Missile Turret  
  122  12:18  Marine x4  
  122  12:19  Marauder  
  128  12:29  Marauder  
  127  12:35  Marine x2  
  127  12:36  Marine x3  
  132  12:40  Marauder  
  130  12:52  Marine x3  
  130  12:53  Hellion, Marine  
  130  12:54  Hellion, Medivac x3  
  129  13:05  Marauder, Marine x2  
  126  13:10  Marauder  
Show
View Real Time Build Order
Export as new Build Order

Javert Zerg 

Build Orders: Hatch First 

Get SALT Encoding   

  12  0:03  Drone  
  13  0:13  Overlord  
  13  0:23  Drone  
  14  0:33  Drone  
  14  0:34  Drone  
  16  0:56  Drone  
  17  0:58  Hatchery  
  17  1:03  Drone  
  17  1:04  Extractor  
  17  1:06  Drone  
  17  1:13  Drone  
  18  1:22  Spawning Pool  
  18  1:32  Drone  
  18  1:33  Drone  
  19  1:41  Drone  
  20  1:56  Drone  
  21  2:05  Drone  
  22  2:08  Metabolic Boost  
  22  2:11  Queen  
  22  2:13  Queen  
  22  2:14  Overlord  
  26  2:21  Zergling x2  
  27  2:24  Zergling x2  
  28  2:35  Zergling x4  
  28  2:36  Zergling x2  
  30  2:54  Zergling x6  
  33  3:09  Queen  
  33  3:10  Overlord  
  35  3:24  Overlord  
  36  3:41  Drone x4  
  39  3:54  Drone x5  
  41  4:01  Drone x3  
  41  4:02  Drone  
  44  4:10  Drone  
  44  4:11  Lair  
  42  4:24  Drone x2  
  42  4:25  Drone  
  42  4:27  Extractor  
  42  4:28  Extractor  
  42  4:29  Hatchery, Extractor  
  41  4:36  Zergling x6  
  45  4:52  Zergling x2  
  45  4:53  Zergling x14  
  45  4:59  Overlord x2  
  52  5:17  Overlord x2  
  52  5:20  Spire  
  51  5:30  Overlord x2  
  48  5:50  Overlord x2  
  45  6:01  Spore Crawler  
  39  6:05  Overlord  
  39  6:26  Overseer x2  
  39  6:32  Mutalisk x10  
  57  6:50  Drone x11  
  57  6:54  Drone x2  
  52  7:02  Drone x3  
  49  7:08  Drone  
  42  7:25  Drone  
  42  7:26  Drone  
  40  7:35  Drone x2  
  42  7:39  Drone  
  43  7:44  Drone  
  43  7:47  Drone  
  45  8:12  Drone x2  
  47  8:13  Drone x5  
  48  8:20  Drone  
  48  8:21  Drone  
  48  8:26  Drone  
  48  8:27  Drone  
  46  8:59  Drone x5  
  46  9:00  Drone  
  46  9:02  Queen  
  46  9:08  Queen  
  50  9:13  Mutalisk x2  
  50  9:14  Mutalisk x2  
  58  9:19  Mutalisk  
  60  9:29  Mutalisk x2  
  64  9:34  Queen  
  66  9:40  Zergling x8  
  70  9:47  Drone x3  
  70  9:48  Drone  
  74  9:55  Zergling x6  
  77  10:02  Pneumatized Carapace  
  77  10:05  Drone x3  
  80  10:17  Baneling Nest  
  80  10:18  Mutalisk x3, Extractor  
  80  10:19  Extractor  
  80  10:20  Drone  
  83  10:34  Drone x8  
  90  10:41  Overseer  
  90  10:42  Overseer  
  90  10:55  Drone x2  
  90  10:56  Evolution Chamber, Drone x4  
  95  10:58  Evolution Chamber  
  94  11:08  Mutalisk x4  
  87  11:34  Mutalisk  
  87  11:35  Mutalisk x8  
  104  11:52  Drone x2  
  104  11:53  Overlord x2  
  106  11:59  Zergling x2  
  106  12:02  Centrifical Hooks  
  106  12:14  Zergling x12  
  106  12:15  Zergling x12  
  116  12:23  Baneling x2  
  116  12:26  Zergling x2  
  116  12:27  Zergling x4  
  107  12:36  Baneling x2  
  107  12:37  Baneling x14  
  84  13:03  Zergling x12  
  83  13:15  Zergling x2  
  83  13:16  Zergling x2  
Tags
 
Add a new tag
Caveats
  • Supply blocks, unpowered buildings, or Contaminate may cause inaccurate times.
  • Supply counts are checked every 10 seconds.